PIO (24 & UNDER)
SURREY SINNERS @ EAU CLAIRE ESQUIRES
08/30/2029
 
TOP OF THE 1ST
Surrey Sinners batting - Pitching for Eau Claire Esquires : RHP Ángel Gil
Pitching: RHP Ángel Gil
Batting: RHB Jason Nava 0-0: Foul Ball, location: 2F
0-1: Foul Ball, location: 2F
0-2: SINGLE (Groundball, 34D)
Batting: RHB Robert Sipple 0-0: Called Strike
Throwing error on steal attempt, E2
Jason Nava to third
0-1: Ball
1-1: DOUBLE (Line Drive, 7)
Jason Nava scores
Batting: LHB Carlos Hernández 0-0: SINGLE (Groundball, 6MD)
Robert Sipple to third
Runner from 3rd tries for Home, SAFE, no throw
Batting: LHB Joe Spears 0-0: Ball
1-0: Fly out, F5 (Popup, 5F)
Batting: RHB Jorge Barrios 0-0: Grounds into double play, 6-4-3 (Groundball, 6)
Top of the 1st over - 2 runs, 3 hits, 1 error, 0 left on base; Surrey 2 - Eau Claire 0
BOTTOM OF THE 1ST
Eau Claire Esquires batting - Pitching for Surrey Sinners : LHP Ray Gordon
Pitching: LHP Ray Gordon
Batting: RHB Jason Smith 0-0: Foul Ball, location: 2F
0-1: SINGLE (Groundball, 56S) (infield hit)
Batting: LHB Johnny Foley 0-0: Foul Ball, location: 2F
0-1: Ball
1-1: Ball
2-1: Foul Ball, location: 2F
2-2: Ball
3-2: Strikes out swinging
Batting: RHB Gary Roberts 0-0: Called Strike
0-1: Ball
1-1: Ball
2-1: Called Strike
2-2: Foul Ball, location: 2F
2-2: Ball
3-2: Strikes out swinging
Batting: LHB Steve Arnold 0-0: Ball
1-0: Foul Ball, location: 2F
1-1: Foul Ball, location: 2F
1-2: Strikes out looking
Bottom of the 1st over - 0 runs, 1 hit, 0 errors, 1 left on base; Surrey 2 - Eau Claire 0
TOP OF THE 2ND
Surrey Sinners batting - Pitching for Eau Claire Esquires : RHP Ángel Gil
Batting: LHB Pedro Fernández 0-0: Foul Ball, location: 2F
0-1: Ground out 4-3 (Groundball, 4M)
Batting: RHB Jake Townsend 0-0: Ball
1-0: Ground out 1-3 (Groundball, P)
Batting: RHB Mauro Paredes 0-0: Ball
1-0: Ball
2-0: Called Strike
2-1: Ball
3-1: Swinging Strike
3-2: Strikes out swinging
Top of the 2nd over - 0 runs, 0 hits, 0 errors, 0 left on base; Surrey 2 - Eau Claire 0
BOTTOM OF THE 2ND
Eau Claire Esquires batting - Pitching for Surrey Sinners : LHP Ray Gordon
Batting: RHB Jonathan Jackson 0-0: Ball
1-0: Called Strike
1-1: Foul Ball, location: 2F
1-2: Ball
2-2: Strikes out swinging
Batting: RHB Jonathan Reynolds 0-0: Called Strike
0-1: Foul Ball, location: 2F
0-2: Foul Ball, location: 2F
0-2: Ball
1-2: Foul Ball, location: 2F
1-2: DOUBLE (Groundball, 5L)
Batting: RHB Vincente Ramírez 0-0: Called Strike
0-1: Swinging Strike
0-2: Foul Ball, location: 2F
0-2: Strikes out swinging
Batting: RHB Nick McIntyre 0-0: Called Strike
0-1: Ball
1-1: Ball
2-1: Ball
3-1: SINGLE (Line Drive, 4)
Jonathan Reynolds to third
Runner from 3rd tries for Home, SAFE, no throw
Batting: RHB Matt Cole 0-0: Ball
1-0: Ball
2-0: Ball
3-0: Called Strike
3-1: Foul Ball, location: 2F
3-2: Strikes out swinging
Bottom of the 2nd over - 1 run, 2 hits, 0 errors, 1 left on base; Surrey 2 - Eau Claire 1
TOP OF THE 3RD
Surrey Sinners batting - Pitching for Eau Claire Esquires : RHP Ángel Gil
Batting: RHB Nelson Martínez 0-0: Foul Ball, location: 2F
0-1: Ground out 4-3 (Groundball, 4)
Batting: RHB Jason Nava 0-0: Ball
1-0: Ball
2-0: Ball
3-0: Called Strike
3-1: Base on Balls
Batting: RHB Robert Sipple 0-0: Ball
1-0: Grounds into double play, 6-4-3 (Groundball, 6)
Top of the 3rd over - 0 runs, 0 hits, 0 errors, 0 left on base; Surrey 2 - Eau Claire 1
BOTTOM OF THE 3RD
Eau Claire Esquires batting - Pitching for Surrey Sinners : LHP Ray Gordon
Batting: RHB Jason Smith 0-0: Ball
1-0: Swinging Strike
1-1: Ball
2-1: Called Strike
2-2: Foul Ball, location: 2F
2-2: Strikes out swinging
Batting: LHB Johnny Foley 0-0: Fly out, F9 (Line Drive, 89S)
Batting: RHB Gary Roberts 0-0: Called Strike
0-1: Ball
1-1: SINGLE (Groundball, 56D)
Batting: LHB Steve Arnold 0-0: Ball
Gary Roberts is caught stealing 2nd base
Bottom of the 3rd over - 0 runs, 1 hit, 0 errors, 0 left on base; Surrey 2 - Eau Claire 1
TOP OF THE 4TH
Surrey Sinners batting - Pitching for Eau Claire Esquires : RHP Ángel Gil
Batting: LHB Carlos Hernández 0-0: Ball
1-0: Foul Ball, location: 2F
1-1: Swinging Strike
1-2: Foul Ball, location: 2F
1-2: Foul Ball, location: 2F
1-2: Ball
2-2: Foul Ball, location: 2F
2-2: Foul Ball, location: 2F
2-2: SINGLE (Line Drive, 6MD)
Batting: LHB Joe Spears 0-0: Ball
1-0: Foul Ball, location: 2F
1-1: Swinging Strike
1-2: Strikes out looking
Batting: RHB Jorge Barrios 0-0: SINGLE (Groundball, 56D)
Carlos Hernández to second
Batting: LHB Pedro Fernández 0-0: Ball
1-0: Fielders Choice at 2nd, 3-6 (Groundball, 34)
Carlos Hernández to third
Batting: RHB Jake Townsend 0-0: Ball
1-0: Ball
2-0: Fly out, F8 (Flyball, 8RM)
Top of the 4th over - 0 runs, 2 hits, 0 errors, 2 left on base; Surrey 2 - Eau Claire 1
BOTTOM OF THE 4TH
Eau Claire Esquires batting - Pitching for Surrey Sinners : LHP Ray Gordon
Batting: LHB Steve Arnold 0-0: Ground out 6-3 (Groundball, 6)
Batting: RHB Jonathan Jackson 0-0: Called Strike
0-1: Called Strike
0-2: Strikes out looking
Batting: RHB Jonathan Reynolds 0-0: Reached on error, E6 (Groundball, 6M)
Batting: RHB Vincente Ramírez 0-0: SINGLE (Line Drive, 5)
Jonathan Reynolds to second
Batting: RHB Nick McIntyre 0-0: Ball
1-0: Ball
2-0: Called Strike
2-1: Called Strike
2-2: Foul Ball, location: 2F
2-2: Foul Ball, location: 2F
2-2: Ball
3-2: Foul Ball, location: 2F
3-2: SINGLE (Groundball, 56S) (infield hit)
Jonathan Reynolds to third
Vincente Ramírez to second
Batting: RHB Matt Cole 0-0: Fielders Choice at 2nd, 5-4 (Groundball, 56)
Bottom of the 4th over - 0 runs, 2 hits, 1 error, 3 left on base; Surrey 2 - Eau Claire 1
TOP OF THE 5TH
Surrey Sinners batting - Pitching for Eau Claire Esquires : RHP Ángel Gil
Batting: RHB Mauro Paredes 0-0: Fly out, F8 (Flyball, 8LS)
Batting: RHB Nelson Martínez 0-0: Called Strike
0-1: Fly out, F6 (Popup, 4MD)
Batting: RHB Jason Nava 0-0: Ground out 6-3 (Groundball, 56D)
Top of the 5th over - 0 runs, 0 hits, 0 errors, 0 left on base; Surrey 2 - Eau Claire 1
BOTTOM OF THE 5TH
Eau Claire Esquires batting - Pitching for Surrey Sinners : LHP Ray Gordon
Batting: RHB Jason Smith 0-0: Ground out 6-3 (Groundball, 56)
Batting: LHB Johnny Foley 0-0: Ball
1-0: Foul Ball, location: 2F
1-1: Foul Ball, location: 2F
1-2: Foul Ball, location: 2F
1-2: Ball
2-2: Ball
3-2: Base on Balls
Batting: RHB Gary Roberts 0-0: Fly out, F4 (Line Drive, 4M)
Batting: LHB Steve Arnold 0-0: Ball
1-0: Swinging Strike
1-1: Called Strike
1-2: Foul Ball, location: 2F
1-2: Ball
2-2: Ball
3-2: Ground out 6-3 (Groundball, 6)
Bottom of the 5th over - 0 runs, 0 hits, 0 errors, 1 left on base; Surrey 2 - Eau Claire 1
TOP OF THE 6TH
Surrey Sinners batting - Pitching for Eau Claire Esquires : RHP Ángel Gil
Batting: RHB Robert Sipple 0-0: Ball
1-0: Ball
2-0: Ball
3-0: Base on Balls
Batting: LHB Carlos Hernández 0-0: Foul Ball, location: 2F
0-1: Ball
1-1: Swinging Strike
1-2: Ground out 3-1 (Groundball, 34S)
Robert Sipple to second
Batting: LHB Joe Spears 0-0: Ground out U3 (Groundball, 34)
Robert Sipple to third
Batting: RHB Jorge Barrios 0-0: Ball
1-0: Ball
2-0: Called Strike
2-1: Ball
3-1: Foul Ball, location: 2F
3-2: Strikes out swinging
Top of the 6th over - 0 runs, 0 hits, 0 errors, 1 left on base; Surrey 2 - Eau Claire 1
BOTTOM OF THE 6TH
Eau Claire Esquires batting - Pitching for Surrey Sinners : LHP Ray Gordon
Batting: RHB Jonathan Jackson 0-0: Swinging Strike
0-1: Ball
1-1: Foul Ball, location: 2F
1-2: Ball
2-2: Ground out 3-1 (Groundball, 34S)
Batting: RHB Jonathan Reynolds 0-0: Ball
1-0: Fly out, F8 (Flyball, 8RM)
Batting: RHB Vincente Ramírez 0-0: SINGLE (Groundball, 6MD)
Batting: RHB Nick McIntyre 0-0: Foul Ball, location: 2F
0-1: DOUBLE (Line Drive, 7LS)
Vincente Ramírez to third
Runner from 3rd tries for Home, SAFE, no throw
Batting: RHB Matt Cole 0-0: Ground out 6-3 (Groundball, 56)
Bottom of the 6th over - 1 run, 2 hits, 0 errors, 1 left on base; Surrey 2 - Eau Claire 2
TOP OF THE 7TH
Surrey Sinners batting - Pitching for Eau Claire Esquires : RHP Ángel Gil
Batting: LHB Pedro Fernández 0-0: Called Strike
0-1: Ball
1-1: Ball
2-1: Fly out, F6 (Line Drive, 6M)
Pinch Hitting: LHB Ugo Béland 0-0: Called Strike
0-1: SOLO HOME RUN (Flyball, 9D), Distance : 350 ft
Batting: RHB Mauro Paredes 0-0: SOLO HOME RUN (Flyball, 9LD), Distance : 333 ft
Pitching: LHP Mike Barr
Batting: RHB Nelson Martínez 0-0: Called Strike
0-1: Ball
1-1: SINGLE (Line Drive, 4MD)
Batting: RHB Jason Nava 0-0: Called Strike
Nelson Martínez steals 2nd base
0-1: DOUBLE (Line Drive, 89S)
Nelson Martínez scores
Batting: RHB Robert Sipple 0-0: Ball
1-0: Called Strike
1-1: Foul Ball, location: 2F
1-2: Ball
2-2: Ground out 5-3 (Groundball, 56)
Batting: LHB Carlos Hernández 0-0: Foul Ball, location: 2F
0-1: Reached on error, E1 (Groundball, 15S)
Jason Nava scores
Pitching: LHP Raúl Rivas
Batting: LHB Joe Spears 0-0: Called Strike
0-1: Fly out, F8 (Flyball, 8LD)
Top of the 7th over - 4 runs, 4 hits, 1 error, 1 left on base; Surrey 6 - Eau Claire 2
BOTTOM OF THE 7TH
Eau Claire Esquires batting - Pitching for Surrey Sinners : LHP Ray Gordon
Now in CF: Ugo Béland
Batting: RHB Jason Smith 0-0: Ball
1-0: Ball
2-0: Ball
3-0: Called Strike
3-1: Base on Balls
Batting: LHB Johnny Foley 0-0: Foul Ball, location: 2F
0-1: 2-RUN HOME RUN (Flyball, 9LD), Distance : 334 ft
Pitching: RHP Mauro Martínez
Batting: RHB Gary Roberts 0-0: Ball
1-0: Called Strike
1-1: Swinging Strike
1-2: Foul Ball, location: 2F
1-2: Strikes out swinging
Batting: LHB Steve Arnold 0-0: Ball
1-0: Foul Ball, location: 2F
1-1: Ball
2-1: Ball
3-1: Called Strike
3-2: Fly out, F5 (Popup, 6S)
Batting: RHB Jonathan Jackson 0-0: Ball
1-0: Called Strike
1-1: Called Strike
1-2: Strikes out swinging
Bottom of the 7th over - 2 runs, 1 hit, 0 errors, 0 left on base; Surrey 6 - Eau Claire 4
TOP OF THE 8TH
Surrey Sinners batting - Pitching for Eau Claire Esquires : LHP Raúl Rivas
Batting: RHB Jorge Barrios 0-0: SINGLE (Groundball, 6MD)
Batting: LHB Pedro Fernández 0-0: Bunted foul
0-1: Sac Bunt - play at first, batter OUT! 1-4
Jorge Barrios to second
Batting: LHB Ugo Béland 0-0: Called Strike
0-1: Ball
1-1: Ball
2-1: Called Strike
2-2: Foul Ball, location: 2F
2-2: Ground out 4-3 (Groundball, 4)
Jorge Barrios to third
Batting: RHB Mauro Paredes 0-0: Ball
1-0: Ball
2-0: Foul Ball, location: 2F
2-1: Foul Ball, location: 2F
2-2: 2-RUN HOME RUN (Flyball, 7LD), Distance : 310 ft
Pitching: RHP Rich Wright
Batting: RHB Nelson Martínez 0-0: Ball
1-0: Fly out, F8 (Flyball, 8LD)
Top of the 8th over - 2 runs, 2 hits, 0 errors, 0 left on base; Surrey 8 - Eau Claire 4
BOTTOM OF THE 8TH
Eau Claire Esquires batting - Pitching for Surrey Sinners : RHP Mauro Martínez
Batting: RHB Jonathan Reynolds 0-0: Called Strike
0-1: Foul Ball, location: 2F
0-2: SINGLE (Groundball, 4S) (infield hit)
Batting: RHB Vincente Ramírez 0-0: Ball
1-0: Foul Ball, location: 2F
1-1: Ball
2-1: Ball
3-1: Fly out, F8 (Line Drive, 8RD)
Runner from 1st tags up, SAFE at 2nd
Batting: RHB Nick McIntyre 0-0: Foul Ball, location: 2F
0-1: SINGLE (Line Drive, 56)
Jonathan Reynolds to third
Batting: RHB Matt Cole 0-0: Ball
1-0: Swinging Strike
1-1: Ball
2-1: Foul Ball, location: 2F
2-2: Fly out, F9 (Line Drive, 9S)
Runner from 3rd tags up, SCORES, no throw
Batting: RHB Jason Smith 0-0: DOUBLE (Flyball, 8RXD)
Nick McIntyre to third
Runner from 3rd tries for Home, SAFE, no throw
Pitching: LHP Anthony Blackwell
Batting: LHB Johnny Foley 0-0: Ball
1-0: Called Strike
1-1: Foul Ball, location: 2F
1-2: Strikes out swinging
Bottom of the 8th over - 2 runs, 3 hits, 0 errors, 1 left on base; Surrey 8 - Eau Claire 6
TOP OF THE 9TH
Surrey Sinners batting - Pitching for Eau Claire Esquires : RHP Rich Wright
Batting: RHB Jason Nava 0-0: Fly out, F8 (Flyball, 78D)
Batting: RHB Robert Sipple 0-0: Called Strike
0-1: Swinging Strike
0-2: Ground out 4-3 (Groundball, 4)
Batting: LHB Carlos Hernández 0-0: Called Strike
0-1: Ball
1-1: Ball
2-1: Ball
3-1: Base on Balls
Batting: LHB Joe Spears 0-0: Swinging Strike
0-1: Swinging Strike
0-2: Strikes out swinging
Top of the 9th over - 0 runs, 0 hits, 0 errors, 1 left on base; Surrey 8 - Eau Claire 6
BOTTOM OF THE 9TH
Eau Claire Esquires batting - Pitching for Surrey Sinners : LHP Anthony Blackwell
Pitching: RHP Chris Ryan
Batting: RHB Gary Roberts 0-0: Ball
1-0: Fly out, F4 (Popup, 4)
Batting: LHB Steve Arnold 0-0: Called Strike
0-1: Hit by Pitch
Batting: RHB Jonathan Jackson 0-0: Ball
1-0: Ball
2-0: Fly out, F9 (Line Drive, 9)
Batting: RHB Jonathan Reynolds 0-0: Ball
1-0: Called Strike
1-1: Foul Ball, location: 2F
1-2: Strikes out swinging
Bottom of the 9th over - 0 runs, 0 hits, 0 errors, 1 left on base; Surrey 8 - Eau Claire 6
Saturday, December 16th, 2017 - OOTP Baseball 18.8 Build 76